Red Wings vs Blue Jackets

Created - 17 mars 2022 at 16:46

Goals
1 2 3 OT1 SO T
Red Wings 1 2 2 0 0 5
Blue Jackets 3 0 2 0 1 6
Shots
1 2 3 OT1 SO T
Red Wings 8 11 11 2 3 32
Blue Jackets 8 11 14 3 2 36

GoalsPenalties
1st period
1. Blue Jackets , Anthony Mantha 17 (Matt Dumba 44, Ryan McDonagh 45) at 4:28
2. Blue Jackets , Chris Kreider 21 (Ryan O'Reilly 64, Alec Martinez 33) at 13:46
3. Blue Jackets , Steven Stamkos 40 (Chris Kreider 23, Ryan O'Reilly 65) at 17:03
4. Red Wings , Oskar Sundqvist 13 (Miles Wood 10, Darnell Nurse 53) at 19:38
Erik Cernak (CLB) for Interference (Minor) at 9:15
2nd period
5. Red Wings , Oskar Sundqvist 14 (Nino Niederreiter 13, Danny DeKeyser 22) at 5:11
6. Red Wings , Derick Brassard 10 (Jack Johnson 9) at 10:02
Oliver Bjorkstrand (CLB) for Roughing (Minor) at 0:24
Erik Cernak (CLB) for Slashing (Minor) at 2:55
Danny DeKeyser (DET) for Tripping (Minor) at 5:50
Jack Johnson (DET) for Roughing (Minor) at 14:00
3rd period
7. Red Wings , Sean Couturier 36 (Darnell Nurse 54) at 3:36 (PP)
8. Blue Jackets , Ryan O'Reilly 40 (Matt Dumba 45, Ryan McDonagh 46) at 3:54
9. Blue Jackets , Oliver Bjorkstrand 30 (Alec Martinez 34, Anthony Cirelli 40) at 5:17
10. Red Wings , Jakub Vrana 24 (Sean Walker 27, Oliver Ekman-Larsson 32) at 12:20 (PP)
Ryan O'Reilly (CLB) for Cross-checking (Minor) at 3:04
Jack Johnson (DET) for Slashing (Minor) at 5:35
Chris Kreider (CLB) for Roughing (Minor) at 11:53
David Savard (CLB) for Hooking (Minor) at 16:32
Overtime #1
No Goal
Shootout
Red Wings, Sean Couturier - Stopped by Marc-Andre Fleury
Blue Jackets, Ryan O'Reilly - Goal!
Red Wings, Tyler Bertuzzi - Stopped by Marc-Andre Fleury
Blue Jackets, Anthony Cirelli - Stopped by Vitek Vanecek
Red Wings, Conor Garland - Shot Misses the Net
Goalie Stats
Vitek Vanecek (DET), 31 saves from 36 shots - (0,861), OTL, 25-18-5, 65:00 minutes
Marc-Andre Fleury (CLB), 27 saves from 32 shots - (0,844), W, 30-28-4, 65:00 minutes
3 StarsOfficial
1 - Oskar Sundqvist (DET)
2 - Ryan O'Reilly (CLB)
3 - Steven Stamkos (CLB)
Referees : Francis Charron and Trevor Hanson
Linesman : Pierre Racicot and Don Henderson
Game Note
No Game Note



Team Name Goals Shots Shots Attemp Shots Blocked PIM HIT PP PK FO%
Red Wings 53274136172 / 6 (33%)047%
Blue Jackets 636841812190 / 3 (0%)253%

Red Wings
Player Name POS G A P +/- PIM HIT SHT SB MP PP MP PP SHT PK MP PK SHT FO% FOT
Conor GarlandLW/RW0000004019:424:1000:00025% 4
Danny DeKeyserD0110200114:030:0002:1900% 0
Darnell NurseD022-1044228:533:5212:4900% 0
Derick BrassardC/RW1010003018:094:4500:00056% 25
Dominik KahunC/LW/RW000-200106:360:0000:00027% 11
Drake CaggiulaC/LW/RW000-200109:380:0003:0200% 0
Gustav NyquistC/LW/RW0000012118:164:4500:0000% 1
Jack JohnsonD011-1420214:490:0000:4700% 0
Jakob ChychrunD000-1032227:533:5212:3900% 0
Jakub VranaLW/RW101-2014019:563:5710:0000% 1
Miles WoodLW0112001014:120:0002:5500% 0
Nino NiederreiterLW/RW0112012011:590:3510:0000% 0
Oliver Ekman-LarssonD011-1011222:255:0313:1400% 0
Oskar SundqvistC/LW/RW2022023014:190:0003:02047% 19
Sean CouturierC101-2001123:414:1012:55052% 33
Sean WalkerD0110001216:545:0300:0600% 0
Tyler BertuzziLW/RW000-2012020:594:2310:0000% 0
Tyler EnnisC/LW/RW000-201006:360:0000:00050% 2
Blue Jackets
Player Name POS G A P +/- PIM HIT SHT SB MP PP MP PP SHT PK MP PK SHT FO% FOT
Alec MartinezD0221000217:270:0001:4200% 0
Anthony CirelliC0111013018:412:5920:00050% 24
Anthony ManthaLW/RW1011004018:362:5901:0900% 1
Artturi LehkonenLW/RW0000002212:540:0004:0300% 1
Brian BoyleC/LW000-100005:430:0000:0000% 2
Cedric PaquetteC/RW0000001112:540:0004:03055% 20
Chris KreiderLW/RW1122225021:232:5800:00075% 4
David SavardD000-1212120:083:2413:4800% 0
Erik CernakD0001430121:333:2402:2600% 0
Marco ScandellaD000-1031211:490:0000:3700% 0
Mathieu JosephRW0000001011:270:0000:0000% 0
Matt DumbaD0222010225:412:3304:2200% 0
Matt MartinLW/RW000-100015:430:0000:0000% 0
Nicolas DeslauriersLW/RW000-100005:430:0000:0000% 0
Oliver BjorkstrandLW/RW1011201020:342:5903:4300% 1
Ryan McDonaghD0222022428:192:3314:5500% 0
Ryan O'ReillyC1232224120:132:5810:00060% 30
Steven StamkosC/LW/RW10120410127:112:5804:52054% 13

Red Wings

5 vs 5 Forward
Line #Left WingCenterRight WingPHYDFOFWanted %Time %Time Play
1Jakub VranaSean CouturierTyler Bertuzzi1223031%13:51
2Gustav NyquistDerick BrassardConor Garland1223030%13:24
3Nino NiederreiterOskar SundqvistMiles Wood1222425%11:17
4Tyler EnnisDominik KahunDrake Caggiula1221615%6:36
5 vs 5 Defense
Line #DefenseDefensePHYDFOFWanted %Time %Time Play
1Darnell NurseJakob Chychrun1223029%12:54
2Oliver Ekman-LarssonJack Johnson1223031%14:04
3Sean WalkerDanny DeKeyser1222426%11:45
4Darnell NurseJakob Chychrun1221614%6:25
Power Play Forward
Line #Left WingCenterRight WingPHYDFOFWanted %Time %Time Play
1Conor GarlandSean CouturierJakub Vrana1225047%4:10
2Tyler BertuzziDerick BrassardGustav Nyquist1225053%4:45
Power Play Defense
Line #DefenseDefensePHYDFOFWanted %Time %Time Play
1Darnell NurseJakob Chychrun1225043%3:52
2Oliver Ekman-LarssonSean Walker1225057%5:03
Penalty Kill 4 Players Forward
Line #CenterWingPHYDFOFWanted %Time %Time Play
1Sean CouturierMiles Wood1225049%2:55
2Oskar SundqvistDrake Caggiula1225051%3:02
Penalty Kill 4 Players Defense
Line #DefenseDefensePHYDFOFWanted %Time %Time Play
1Darnell NurseJack Johnson1225046%2:43
2Oliver Ekman-LarssonDanny DeKeyser1225054%3:14
Penalty Kill 3 Players
Line #WingPHYDFOFWanted %Time %Time PlayDefenseDefensePHYDFOFWanted %Time %Time Play
1Sean Couturier122500%0:00 Darnell NurseJack Johnson122500%0:00
2Oskar Sundqvist122500%0:00 Oliver Ekman-LarssonDanny DeKeyser122500%0:00
4 vs 4 Forward
Line #CenterWingPHYDFOFWanted %Time %Time Play
1Sean CouturierJakub Vrana122500%0:00
2Tyler BertuzziConor Garland122500%0:00
4 vs 4 Defense
Line #DefensePHYDFOFWanted %Time %Time Play
1Darnell NurseOliver Ekman-Larsson122500%0:00
2Jakob ChychrunSean Walker122500%0:00
Last Minutes Offensive
Left WingCenterRight WingDefenseDefense
Jakub VranaSean CouturierConor GarlandDarnell NurseJakob Chychrun
Last Minutes Defensive
Left WingCenterRight WingDefenseDefense
Miles WoodSean CouturierOskar SundqvistDarnell NurseJack Johnson
Time
Total ForwardTotal DefenseLast Minutes OffensiveLast Minutes Defensive
60:00 60:00 0:000:00
Extra Forwards
Normal PowerPlayPenalty Kill
Sean Couturier, Conor Garland, Tyler BertuzziNino Niederreiter, Derick BrassardDerick Brassard
Extra Defensemen
Normal PowerPlayPenalty Kill
Darnell Nurse, Oliver Ekman-Larsson, Jakob ChychrunOliver Ekman-Larsson, Jakob ChychrunDarnell Nurse
Penalty Shots
Sean Couturier, Tyler Bertuzzi, Conor Garland, Nino Niederreiter, Miles Wood
Goalie
Vitek Vanecek, Calvin Petersen
Custom OT Lines Forwards
Sean Couturier, Tyler Bertuzzi, Jakub Vrana, Conor Garland, Gustav Nyquist, Nino Niederreiter, Tyler Ennis, Miles Wood, Derick Brassard, Oskar Sundqvist
Custom OT Lines Defensemen
Darnell Nurse, Jakob Chychrun, Oliver Ekman-Larsson, Sean Walker, Danny DeKeyser
Scratches
Dylan Sikura (Healthy), Slater Koekkoek (Healthy), Mason Marchment (Healthy)

Blue Jackets

5 vs 5 Forward
Line #Left WingCenterRight WingPHYDFOFWanted %Time %Time Play
1Chris KreiderRyan O'ReillySteven Stamkos1223937%16:41
2Anthony ManthaAnthony CirelliOliver Bjorkstrand1223431%13:53
3Artturi LehkonenCedric PaquetteMathieu Joseph1221720%8:51
4Matt MartinBrian BoyleNicolas Deslauriers1221013%5:43
5 vs 5 Defense
Line #DefenseDefensePHYDFOFWanted %Time %Time Play
1Ryan McDonaghMatt Dumba1224040%18:11
2Erik CernakAlec Martinez1223535%15:45
3Marco ScandellaDavid Savard1222525%11:12
4Erik CernakAlec Martinez12200%0:00
Power Play Forward
Line #Left WingCenterRight WingPHYDFOFWanted %Time %Time Play
1Chris KreiderRyan O'ReillySteven Stamkos1226050%2:58
2Oliver BjorkstrandAnthony CirelliAnthony Mantha1224050%2:59
Power Play Defense
Line #DefenseDefensePHYDFOFWanted %Time %Time Play
1Ryan McDonaghMatt Dumba1225043%2:33
2Erik CernakDavid Savard1225057%3:24
Penalty Kill 4 Players Forward
Line #CenterWingPHYDFOFWanted %Time %Time Play
1Cedric PaquetteArtturi Lehkonen1225045%4:03
2Steven StamkosOliver Bjorkstrand1225055%4:52
Penalty Kill 4 Players Defense
Line #DefenseDefensePHYDFOFWanted %Time %Time Play
1Ryan McDonaghMatt Dumba1225033%2:55
2David SavardErik Cernak1225067%6:00
Penalty Kill 3 Players
Line #WingPHYDFOFWanted %Time %Time PlayDefenseDefensePHYDFOFWanted %Time %Time Play
1Cedric Paquette122500%0:00 Ryan McDonaghDavid Savard122500%0:00
2Anthony Cirelli122500%0:00 Matt DumbaErik Cernak122500%0:00
4 vs 4 Forward
Line #CenterWingPHYDFOFWanted %Time %Time Play
1Ryan O'ReillyAnthony Mantha122500%0:00
2Anthony CirelliOliver Bjorkstrand122500%0:00
4 vs 4 Defense
Line #DefensePHYDFOFWanted %Time %Time Play
1Ryan McDonaghDavid Savard122500%0:00
2Matt DumbaErik Cernak122500%0:00
Last Minutes Offensive
Left WingCenterRight WingDefenseDefense
Chris KreiderRyan O'ReillySteven StamkosRyan McDonaghMatt Dumba
Last Minutes Defensive
Left WingCenterRight WingDefenseDefense
Cedric PaquetteAnthony CirelliArtturi LehkonenRyan McDonaghDavid Savard
Time
Total ForwardTotal DefenseLast Minutes OffensiveLast Minutes Defensive
60:00 60:00 0:000:00
Extra Forwards
Normal PowerPlayPenalty Kill
Mathieu Joseph, Steven Stamkos, Oliver BjorkstrandMathieu Joseph, Steven StamkosSteven Stamkos
Extra Defensemen
Normal PowerPlayPenalty Kill
David Savard, Erik Cernak, Matt DumbaRyan McDonagh, Ryan McDonaghMatt Dumba
Penalty Shots
Ryan O'Reilly, Anthony Cirelli, Steven Stamkos, Chris Kreider, Mathieu Joseph
Goalie
Marc-Andre Fleury, John Gibson
Custom OT Lines Forwards
Steven Stamkos, Mathieu Joseph, Anthony Cirelli, Chris Kreider, Ryan O'Reilly, Anthony Mantha, Oliver Bjorkstrand, Artturi Lehkonen, Matt Martin, Cedric Paquette
Custom OT Lines Defensemen
Ryan McDonagh, David Savard, Matt Dumba, Erik Cernak, Alec Martinez
Scratches
Brent Seabrook (Healthy), Steven Lorentz (Healthy)


Play-by-Play

1st period


0:01 of 1st period - Ryan O'Reilly wins face-off versus Sean Couturier in neutral zone.
1:05 of 1st period - Oliver Bjorkstrand is hit by Jack Johnson and loses puck.
1:51 of 1st period - Artturi Lehkonen is hit by Jack Johnson.
1:57 of 1st period - Shot by Cedric Paquette.
1:57 of 1st period - Shot Blocked by Gustav Nyquist.
1:59 of 1st period - Shot by Marco Scandella.
1:59 of 1st period - Shot Blocked by Oliver Ekman-Larsson.
2:13 of 1st period - Shot by Mathieu Joseph.
2:13 of 1st period - Shot Misses the Net.
2:34 of 1st period - Icing by Marco Scandella.
2:35 of 1st period - Cedric Paquette wins face-off versus Oskar Sundqvist in Blue Jackets zone.
3:07 of 1st period - Shot by Nino Niederreiter.
3:07 of 1st period - Shot Misses the Net.
3:18 of 1st period - Shot by Steven Stamkos.
3:18 of 1st period - Stopped by Vitek Vanecek without a rebound.
3:19 of 1st period - Tyler Ennis wins face-off versus Brian Boyle in Red Wings zone.
3:50 of 1st period - Shot by Darnell Nurse.
3:50 of 1st period - Stopped by Marc-Andre Fleury without a rebound.
3:51 of 1st period - Sean Couturier wins face-off versus Oliver Bjorkstrand in Blue Jackets zone.
3:52 of 1st period - Shot by Tyler Bertuzzi.
3:52 of 1st period - Deflect By Jakub Vrana.
3:52 of 1st period - Stopped by Marc-Andre Fleury with a rebound.
4:18 of 1st period - Shot by Oliver Bjorkstrand.
4:18 of 1st period - Shot Blocked by Sean Walker.
4:20 of 1st period - Shot by Ryan McDonagh.
4:20 of 1st period - Shot Misses the Net.
4:22 of 1st period - Shot by Anthony Cirelli.
4:22 of 1st period - Shot Misses the Net.
4:24 of 1st period - Shot by Ryan McDonagh.
4:24 of 1st period - Shot Misses the Net.
4:28 of 1st period - Shot by Anthony Mantha.
4:28 of 1st period - Goal by Anthony Mantha - Red Wings : 0 - Blue Jackets : 1.
4:29 of 1st period - Oskar Sundqvist wins face-off versus Ryan O'Reilly in neutral zone.
6:10 of 1st period - Ryan McDonagh is hit by Gustav Nyquist.
6:20 of 1st period - Shot by Anthony Mantha.
6:20 of 1st period - Shot Misses the Net.
7:12 of 1st period - Shot by Sean Couturier.
7:12 of 1st period - Shot Blocked by David Savard.
7:36 of 1st period - Shot by Sean Couturier.
7:36 of 1st period - Shot Blocked by Marco Scandella.
8:00 of 1st period - Shot by Nino Niederreiter.
8:00 of 1st period - Deflect By Miles Wood.
8:00 of 1st period - Shot Misses the Net.
8:02 of 1st period - Shot by Oskar Sundqvist.
8:02 of 1st period - Stopped by Marc-Andre Fleury without a rebound.
8:03 of 1st period - Ryan O'Reilly wins face-off versus Dominik Kahun in Blue Jackets zone.
8:05 of 1st period - Icing by Steven Stamkos.
8:06 of 1st period - Ryan O'Reilly wins face-off versus Derick Brassard in Blue Jackets zone.
9:15 of 1st period - Minor Penalty to Erik Cernak for Interference.
9:16 of 1st period - Cedric Paquette wins face-off versus Sean Couturier in Blue Jackets zone.
9:52 of 1st period - Off-side.
9:53 of 1st period - Derick Brassard wins face-off versus Steven Stamkos in neutral zone.
10:16 of 1st period - Shot by Tyler Bertuzzi.
10:16 of 1st period - Stopped by Marc-Andre Fleury without a rebound.
10:17 of 1st period - Derick Brassard wins face-off versus Cedric Paquette in Blue Jackets zone.
10:37 of 1st period - Shot by Gustav Nyquist.
10:37 of 1st period - Shot Blocked by Ryan McDonagh.
11:22 of 1st period - Shot by Oskar Sundqvist.
11:22 of 1st period - Shot Blocked by Alec Martinez.
11:36 of 1st period - Shot by Oskar Sundqvist.
11:36 of 1st period - Shot Blocked by Matt Martin.
11:52 of 1st period - Shot by Nino Niederreiter.
11:52 of 1st period - Stopped by Marc-Andre Fleury without a rebound.
11:53 of 1st period - Dominik Kahun wins face-off versus Cedric Paquette in Blue Jackets zone.
11:57 of 1st period - Drake Caggiula is hit by David Savard and loses puck.
12:17 of 1st period - Icing by Jack Johnson.
12:18 of 1st period - Anthony Cirelli wins face-off versus Tyler Ennis in Red Wings zone.
12:55 of 1st period - Shot by Anthony Mantha.
12:55 of 1st period - Shot Blocked by Jack Johnson.
13:14 of 1st period - Off-side.
13:15 of 1st period - Sean Couturier wins face-off versus Chris Kreider in neutral zone.
13:42 of 1st period - Shot by Chris Kreider.
13:42 of 1st period - Shot Misses the Net.
13:46 of 1st period - Shot by Ryan O'Reilly.
13:46 of 1st period - Deflect By Chris Kreider.
13:46 of 1st period - Goal by Chris Kreider - Red Wings : 0 - Blue Jackets : 2.
13:47 of 1st period - Derick Brassard wins face-off versus Cedric Paquette in neutral zone.
14:19 of 1st period - Shot by Derick Brassard.
14:19 of 1st period - Stopped by Marc-Andre Fleury without a rebound.
14:20 of 1st period - Ryan O'Reilly wins face-off versus Sean Couturier in Blue Jackets zone.
14:25 of 1st period - Jakob Chychrun is hit by Steven Stamkos and loses puck.
15:49 of 1st period - Anthony Cirelli is hit by Oskar Sundqvist and loses puck.
15:59 of 1st period - Icing by Erik Cernak.
16:00 of 1st period - Derick Brassard wins face-off versus Anthony Cirelli in Blue Jackets zone.
16:09 of 1st period - Shot by Gustav Nyquist.
16:09 of 1st period - Shot Misses the Net.
16:21 of 1st period - Shot by Conor Garland.
16:21 of 1st period - Shot Misses the Net.
16:29 of 1st period - Shot by Gustav Nyquist.
16:29 of 1st period - Stopped by Marc-Andre Fleury without a rebound.
16:30 of 1st period - Chris Kreider wins face-off versus Dominik Kahun in Blue Jackets zone.
17:03 of 1st period - Shot by Steven Stamkos.
17:03 of 1st period - Goal by Steven Stamkos - Red Wings : 0 - Blue Jackets : 3.
17:04 of 1st period - Cedric Paquette wins face-off versus Derick Brassard in neutral zone.
17:17 of 1st period - Shot by Cedric Paquette.
17:17 of 1st period - Stopped by Vitek Vanecek with a rebound.
18:00 of 1st period - Shot by Brian Boyle.
18:00 of 1st period - Shot Misses the Net.
18:03 of 1st period - Matt Martin is hit by Oliver Ekman-Larsson and loses puck.
18:54 of 1st period - Shot by Ryan O'Reilly.
18:54 of 1st period - Stopped by Vitek Vanecek without a rebound.
18:55 of 1st period - Anthony Cirelli wins face-off versus Oskar Sundqvist in Red Wings zone.
18:55 of 1st period - Anthony Cirelli is hit by Jakob Chychrun.
19:36 of 1st period - Shot by Miles Wood.
19:36 of 1st period - Shot Misses the Net.
19:38 of 1st period - Shot by Oskar Sundqvist.
19:38 of 1st period - Goal by Oskar Sundqvist - Red Wings : 1 - Blue Jackets : 3.
19:39 of 1st period - Ryan O'Reilly wins face-off versus Sean Couturier in neutral zone.
19:46 of 1st period - Shot by Chris Kreider.
19:46 of 1st period - Shot Misses the Net.
19:48 of 1st period - Shot by Erik Cernak.
19:48 of 1st period - Shot Misses the Net.
19:50 of 1st period - Shot by Ryan O'Reilly.
19:50 of 1st period - Stopped by Vitek Vanecek without a rebound.
19:51 of 1st period - Cedric Paquette wins face-off versus Dominik Kahun in Red Wings zone.
19:52 of 1st period - Shot by Artturi Lehkonen.
19:52 of 1st period - Stopped by Vitek Vanecek with a rebound.
19:54 of 1st period - Shot by Matt Dumba.
19:54 of 1st period - Shot Blocked by Sean Walker.
Goals for this period are 1 for Red Wings vs 3 for Blue Jackets.
Shots for this period are 8 for Red Wings vs 8 for Blue Jackets.

2nd period


0:01 of 2nd period - Sean Couturier wins face-off versus Ryan O'Reilly in neutral zone.
0:12 of 2nd period - Shot by Tyler Bertuzzi.
0:12 of 2nd period - Stopped by Marc-Andre Fleury without a rebound.
0:13 of 2nd period - Anthony Cirelli wins face-off versus Oskar Sundqvist in Blue Jackets zone.
0:13 of 2nd period - Anthony Cirelli is hit by Oskar Sundqvist.
0:24 of 2nd period - Minor Penalty to Oliver Bjorkstrand for Roughing.
0:25 of 2nd period - Sean Couturier wins face-off versus Cedric Paquette in Blue Jackets zone.
0:26 of 2nd period - Shot by Jakob Chychrun.
0:26 of 2nd period - Stopped by Marc-Andre Fleury without a rebound.
0:27 of 2nd period - Sean Couturier wins face-off versus Cedric Paquette in Blue Jackets zone.
1:28 of 2nd period - Shot by Tyler Bertuzzi.
1:28 of 2nd period - Shot Blocked by Ryan McDonagh.
1:38 of 2nd period - Shot by Oliver Ekman-Larsson.
1:38 of 2nd period - Shot Misses the Net.
2:31 of 2nd period - Miles Wood is hit by Erik Cernak and loses puck.
2:55 of 2nd period - Minor Penalty to Erik Cernak for Slashing.
2:56 of 2nd period - Cedric Paquette wins face-off versus Sean Couturier in Blue Jackets zone.
3:14 of 2nd period - Shot by Conor Garland.
3:14 of 2nd period - Shot Misses the Net.
3:16 of 2nd period - Shot by Darnell Nurse.
3:16 of 2nd period - Stopped by Marc-Andre Fleury without a rebound.
3:17 of 2nd period - Steven Stamkos wins face-off versus Derick Brassard in Blue Jackets zone.
3:26 of 2nd period - Shot by Gustav Nyquist.
3:26 of 2nd period - Shot Misses the Net.
3:28 of 2nd period - Shot by Tyler Bertuzzi.
3:28 of 2nd period - Shot Blocked by Steven Stamkos.
4:09 of 2nd period - Icing by Oliver Ekman-Larsson.
4:10 of 2nd period - Cedric Paquette wins face-off versus Derick Brassard in Red Wings zone.
5:11 of 2nd period - Shot by Oskar Sundqvist.
5:11 of 2nd period - Goal by Oskar Sundqvist - Red Wings : 2 - Blue Jackets : 3.
5:12 of 2nd period - Anthony Cirelli wins face-off versus Dominik Kahun in neutral zone.
5:19 of 2nd period - Shot by Anthony Mantha.
5:19 of 2nd period - Shot Misses the Net.
5:24 of 2nd period - Icing by Darnell Nurse.
5:25 of 2nd period - Dominik Kahun wins face-off versus Ryan O'Reilly in Red Wings zone.
5:25 of 2nd period - Dominik Kahun is hit by Steven Stamkos.
5:47 of 2nd period - Shot by Steven Stamkos.
5:47 of 2nd period - Stopped by Vitek Vanecek without a rebound.
5:48 of 2nd period - Anthony Cirelli wins face-off versus Sean Couturier in Red Wings zone.
5:50 of 2nd period - Minor Penalty to Danny DeKeyser for Tripping.
5:51 of 2nd period - Sean Couturier wins face-off versus Ryan O'Reilly in Red Wings zone.
7:01 of 2nd period - Shot by Anthony Cirelli.
7:01 of 2nd period - Stopped by Vitek Vanecek without a rebound.
7:02 of 2nd period - Oskar Sundqvist wins face-off versus Anthony Cirelli in Red Wings zone.
7:21 of 2nd period - Shot by Anthony Cirelli.
7:21 of 2nd period - Deflect By Anthony Mantha.
7:21 of 2nd period - Shot Blocked by Darnell Nurse.
7:23 of 2nd period - Shot by Matt Dumba.
7:23 of 2nd period - Shot Misses the Net.
7:25 of 2nd period - Shot by Ryan McDonagh.
7:25 of 2nd period - Stopped by Vitek Vanecek without a rebound.
7:26 of 2nd period - Ryan O'Reilly wins face-off versus Oskar Sundqvist in Red Wings zone.
7:29 of 2nd period - Shot by Ryan O'Reilly.
7:29 of 2nd period - Shot Misses the Net.
7:51 of 2nd period - Shot by Chris Kreider.
7:51 of 2nd period - Shot Misses the Net.
8:28 of 2nd period - Shot by Conor Garland.
8:28 of 2nd period - Stopped by Marc-Andre Fleury without a rebound.
8:29 of 2nd period - Sean Couturier wins face-off versus Anthony Cirelli in Blue Jackets zone.
8:29 of 2nd period - Sean Couturier is hit by Erik Cernak.
9:21 of 2nd period - Icing by Darnell Nurse.
9:22 of 2nd period - Sean Couturier wins face-off versus Ryan O'Reilly in Red Wings zone.
9:37 of 2nd period - Shot by Chris Kreider.
9:37 of 2nd period - Stopped by Vitek Vanecek without a rebound.
9:38 of 2nd period - Derick Brassard wins face-off versus Cedric Paquette in Red Wings zone.
9:42 of 2nd period - Off-side.
9:43 of 2nd period - Derick Brassard wins face-off versus Ryan O'Reilly in neutral zone.
9:48 of 2nd period - Shot by Conor Garland.
9:48 of 2nd period - Stopped by Marc-Andre Fleury with a rebound.
9:50 of 2nd period - Shot by Oliver Ekman-Larsson.
9:50 of 2nd period - Shot Hit the Post.
10:02 of 2nd period - Shot by Derick Brassard.
10:02 of 2nd period - Goal by Derick Brassard - Red Wings : 3 - Blue Jackets : 3.
10:03 of 2nd period - Anthony Cirelli wins face-off versus Oskar Sundqvist in neutral zone.
10:12 of 2nd period - Shot by Oliver Bjorkstrand.
10:12 of 2nd period - Shot Misses the Net.
10:29 of 2nd period - Shot by Anthony Mantha.
10:29 of 2nd period - Stopped by Vitek Vanecek without a rebound.
10:30 of 2nd period - Sean Couturier wins face-off versus Ryan O'Reilly in Red Wings zone.
10:35 of 2nd period - Jakob Chychrun is hit by Ryan O'Reilly and loses puck.
10:42 of 2nd period - Shot by Ryan O'Reilly.
10:42 of 2nd period - Shot Misses the Net.
10:48 of 2nd period - Shot by Steven Stamkos.
10:48 of 2nd period - Shot Blocked by Jakob Chychrun.
11:05 of 2nd period - Shot by Steven Stamkos.
11:05 of 2nd period - Shot Misses the Net.
11:07 of 2nd period - Shot by Matt Dumba.
11:07 of 2nd period - Shot Misses the Net.
11:15 of 2nd period - Shot by Steven Stamkos.
11:15 of 2nd period - Stopped by Vitek Vanecek without a rebound.
11:16 of 2nd period - Derick Brassard wins face-off versus Anthony Cirelli in Red Wings zone.
11:48 of 2nd period - Icing by Anthony Cirelli.
11:49 of 2nd period - Oskar Sundqvist wins face-off versus Anthony Cirelli in Blue Jackets zone.
12:30 of 2nd period - Icing by Sean Walker.
12:31 of 2nd period - Ryan O'Reilly wins face-off versus Oskar Sundqvist in Red Wings zone.
12:42 of 2nd period - Icing by Ryan McDonagh.
12:43 of 2nd period - Ryan O'Reilly wins face-off versus Sean Couturier in Blue Jackets zone.
13:30 of 2nd period - Off-side.
13:31 of 2nd period - Cedric Paquette wins face-off versus Derick Brassard in neutral zone.
14:00 of 2nd period - Shot by Artturi Lehkonen.
14:00 of 2nd period - Stopped by Vitek Vanecek without a rebound.
14:00 of 2nd period - Minor Penalty to Jack Johnson for Roughing.
14:01 of 2nd period - Anthony Cirelli wins face-off versus Oskar Sundqvist in Red Wings zone.
14:10 of 2nd period - Shot by Anthony Cirelli.
14:10 of 2nd period - Shot Misses the Net.
14:12 of 2nd period - Shot by David Savard.
14:12 of 2nd period - Shot Misses the Net.
14:14 of 2nd period - Shot by David Savard.
14:14 of 2nd period - Stopped by Vitek Vanecek without a rebound.
14:15 of 2nd period - Ryan O'Reilly wins face-off versus Sean Couturier in Red Wings zone.
14:26 of 2nd period - Shot by Matt Dumba.
14:26 of 2nd period - Shot Blocked by Jakob Chychrun.
14:28 of 2nd period - Shot by Chris Kreider.
14:28 of 2nd period - Shot Misses the Net.
14:56 of 2nd period - Shot by Ryan O'Reilly.
14:56 of 2nd period - Stopped by Vitek Vanecek without a rebound.
14:57 of 2nd period - Oskar Sundqvist wins face-off versus Anthony Cirelli in Red Wings zone.
15:06 of 2nd period - Oskar Sundqvist is hit by Anthony Cirelli and loses puck.
15:27 of 2nd period - Shot by Drake Caggiula.
15:27 of 2nd period - Shot Misses the Net.
16:17 of 2nd period - Shot by Conor Garland.
16:17 of 2nd period - Shot Blocked by Artturi Lehkonen.
16:19 of 2nd period - Shot by Jakob Chychrun.
16:19 of 2nd period - Shot Blocked by Ryan McDonagh.
16:27 of 2nd period - Shot by Conor Garland.
16:27 of 2nd period - Shot Blocked by Cedric Paquette.
16:29 of 2nd period - Shot by Derick Brassard.
16:29 of 2nd period - Shot Misses the Net.
16:31 of 2nd period - Shot by Jakob Chychrun.
16:31 of 2nd period - Stopped by Marc-Andre Fleury without a rebound.
16:32 of 2nd period - Sean Couturier wins face-off versus Steven Stamkos in Blue Jackets zone.
16:32 of 2nd period - Sean Couturier is hit by Erik Cernak.
16:43 of 2nd period - Icing by Ryan O'Reilly.
16:44 of 2nd period - Sean Couturier wins face-off versus Ryan O'Reilly in Blue Jackets zone.
16:49 of 2nd period - Shot by Jakub Vrana.
16:49 of 2nd period - Shot Misses the Net.
17:18 of 2nd period - Shot by Chris Kreider.
17:18 of 2nd period - Stopped by Vitek Vanecek without a rebound.
17:19 of 2nd period - Derick Brassard wins face-off versus Anthony Cirelli in Red Wings zone.
17:26 of 2nd period - Shot by Gustav Nyquist.
17:26 of 2nd period - Stopped by Marc-Andre Fleury without a rebound.
17:27 of 2nd period - Oskar Sundqvist wins face-off versus Anthony Cirelli in Blue Jackets zone.
17:40 of 2nd period - Shot by Miles Wood.
17:40 of 2nd period - Stopped by Marc-Andre Fleury with a rebound.
17:42 of 2nd period - Shot by Darnell Nurse.
17:42 of 2nd period - Shot Blocked by Matt Dumba.
18:52 of 2nd period - Shot by Ryan O'Reilly.
18:52 of 2nd period - Shot Misses the Net.
18:54 of 2nd period - Shot by David Savard.
18:54 of 2nd period - Stopped by Vitek Vanecek without a rebound.
18:55 of 2nd period - Derick Brassard wins face-off versus Artturi Lehkonen in Red Wings zone.
19:14 of 2nd period - Shot by Sean Walker.
19:14 of 2nd period - Stopped by Marc-Andre Fleury without a rebound.
19:15 of 2nd period - Ryan O'Reilly wins face-off versus Dominik Kahun in Blue Jackets zone.
19:15 of 2nd period - Ryan O'Reilly is hit by Tyler Ennis.
19:45 of 2nd period - Shot by Ryan O'Reilly.
19:45 of 2nd period - Shot Misses the Net.
Goals for this period are 2 for Red Wings vs 0 for Blue Jackets.
Shots for this period are 11 for Red Wings vs 11 for Blue Jackets.

3rd period


0:01 of 3rd period - Ryan O'Reilly wins face-off versus Sean Couturier in neutral zone.
0:07 of 3rd period - Shot by Ryan O'Reilly.
0:07 of 3rd period - Deflect By Chris Kreider.
0:07 of 3rd period - Stopped by Vitek Vanecek without a rebound.
0:08 of 3rd period - Derick Brassard wins face-off versus Ryan O'Reilly in Red Wings zone.
0:08 of 3rd period - Derick Brassard is hit by Steven Stamkos.
0:40 of 3rd period - Shot by Steven Stamkos.
0:40 of 3rd period - Shot Blocked by Darnell Nurse.
0:52 of 3rd period - Shot by Darnell Nurse.
0:52 of 3rd period - Stopped by Marc-Andre Fleury with a rebound.
1:04 of 3rd period - Sean Couturier is hit by Steven Stamkos and loses puck.
1:10 of 3rd period - Off-side.
1:11 of 3rd period - Oskar Sundqvist wins face-off versus Anthony Cirelli in neutral zone.
1:24 of 3rd period - Icing by Sean Walker.
1:25 of 3rd period - Oskar Sundqvist wins face-off versus Cedric Paquette in Red Wings zone.
2:57 of 3rd period - Shot by Anthony Mantha.
2:57 of 3rd period - Stopped by Vitek Vanecek without a rebound.
2:58 of 3rd period - Derick Brassard wins face-off versus Steven Stamkos in Red Wings zone.
2:58 of 3rd period - Oliver Ekman-Larsson is hit by Ryan O'Reilly and loses puck.
3:04 of 3rd period - Minor Penalty to Ryan O'Reilly for Cross-checking.
3:05 of 3rd period - Steven Stamkos wins face-off versus Derick Brassard in Blue Jackets zone.
3:24 of 3rd period - Shot by Gustav Nyquist.
3:24 of 3rd period - Shot Misses the Net.
3:26 of 3rd period - Shot by Oliver Ekman-Larsson.
3:26 of 3rd period - Stopped by Marc-Andre Fleury without a rebound.
3:27 of 3rd period - Sean Couturier wins face-off versus Cedric Paquette in Blue Jackets zone.
3:36 of 3rd period - Shot by Sean Couturier.
3:36 of 3rd period - Goal by Sean Couturier - Red Wings : 4 - Blue Jackets : 3.
3:37 of 3rd period - Ryan O'Reilly wins face-off versus Dominik Kahun in neutral zone.
3:50 of 3rd period - Shot by Matt Dumba.
3:50 of 3rd period - Shot Misses the Net.
3:52 of 3rd period - Shot by Ryan O'Reilly.
3:52 of 3rd period - Shot Blocked by Jack Johnson.
3:54 of 3rd period - Shot by Ryan O'Reilly.
3:54 of 3rd period - Goal by Ryan O'Reilly - Red Wings : 4 - Blue Jackets : 4.
3:55 of 3rd period - Derick Brassard wins face-off versus Anthony Cirelli in neutral zone.
4:19 of 3rd period - Shot by Conor Garland.
4:19 of 3rd period - Stopped by Marc-Andre Fleury without a rebound.
4:20 of 3rd period - Ryan O'Reilly wins face-off versus Sean Couturier in Blue Jackets zone.
4:25 of 3rd period - Shot by Chris Kreider.
4:25 of 3rd period - Stopped by Vitek Vanecek without a rebound.
4:26 of 3rd period - Ryan O'Reilly wins face-off versus Sean Couturier in Red Wings zone.
4:29 of 3rd period - Shot by Steven Stamkos.
4:29 of 3rd period - Stopped by Vitek Vanecek without a rebound.
4:30 of 3rd period - Sean Couturier wins face-off versus Ryan O'Reilly in Red Wings zone.
4:30 of 3rd period - Sean Couturier is hit by Chris Kreider.
5:13 of 3rd period - Shot by Steven Stamkos.
5:13 of 3rd period - Stopped by Vitek Vanecek without a rebound.
5:14 of 3rd period - Anthony Cirelli wins face-off versus Derick Brassard in Red Wings zone.
5:17 of 3rd period - Shot by Oliver Bjorkstrand.
5:17 of 3rd period - Goal by Oliver Bjorkstrand - Red Wings : 4 - Blue Jackets : 5.
5:18 of 3rd period - Derick Brassard wins face-off versus Anthony Cirelli in neutral zone.
5:35 of 3rd period - Minor Penalty to Jack Johnson for Slashing.
5:36 of 3rd period - Chris Kreider wins face-off versus Sean Couturier in Red Wings zone.
5:51 of 3rd period - Shot by Chris Kreider.
5:51 of 3rd period - Deflect By Steven Stamkos.
5:51 of 3rd period - Shot Blocked by Danny DeKeyser.
6:19 of 3rd period - Shot by Ryan McDonagh.
6:19 of 3rd period - Shot Misses the Net.
6:47 of 3rd period - Shot by Anthony Cirelli.
6:47 of 3rd period - Stopped by Vitek Vanecek without a rebound.
6:48 of 3rd period - Oskar Sundqvist wins face-off versus Anthony Cirelli in Red Wings zone.
7:47 of 3rd period - Shot by Mathieu Joseph.
7:47 of 3rd period - Shot Misses the Net.
7:51 of 3rd period - Shot by Artturi Lehkonen.
7:51 of 3rd period - Shot Misses the Net.
7:53 of 3rd period - Shot by Mathieu Joseph.
7:53 of 3rd period - Stopped by Vitek Vanecek with a rebound.
7:55 of 3rd period - Shot by Ryan McDonagh.
7:55 of 3rd period - Stopped by Vitek Vanecek without a rebound.
7:56 of 3rd period - Dominik Kahun wins face-off versus Ryan O'Reilly in Red Wings zone.
8:08 of 3rd period - Shot by Dominik Kahun.
8:08 of 3rd period - Stopped by Marc-Andre Fleury without a rebound.
8:09 of 3rd period - Cedric Paquette wins face-off versus Derick Brassard in Blue Jackets zone.
8:22 of 3rd period - Shot by Derick Brassard.
8:22 of 3rd period - Stopped by Marc-Andre Fleury without a rebound.
8:23 of 3rd period - Sean Couturier wins face-off versus Ryan O'Reilly in Blue Jackets zone.
8:24 of 3rd period - Shot by Darnell Nurse.
8:24 of 3rd period - Stopped by Marc-Andre Fleury with a rebound.
8:29 of 3rd period - Jakub Vrana is hit by Marco Scandella and loses puck.
8:43 of 3rd period - Icing by Marco Scandella.
8:44 of 3rd period - Ryan O'Reilly wins face-off versus Oskar Sundqvist in Blue Jackets zone.
8:57 of 3rd period - Shot by Steven Stamkos.
8:57 of 3rd period - Stopped by Vitek Vanecek without a rebound.
8:58 of 3rd period - Anthony Cirelli wins face-off versus Jakub Vrana in Red Wings zone.
9:09 of 3rd period - Shot by Oliver Bjorkstrand.
9:09 of 3rd period - Shot Misses the Net.
9:25 of 3rd period - Shot by Jakob Chychrun.
9:25 of 3rd period - Shot Blocked by Alec Martinez.
9:30 of 3rd period - Anthony Mantha is hit by Darnell Nurse and loses puck.
9:41 of 3rd period - Alec Martinez is hit by Darnell Nurse and loses puck.
9:45 of 3rd period - Icing by Erik Cernak.
9:46 of 3rd period - Anthony Cirelli wins face-off versus Derick Brassard in Blue Jackets zone.
10:06 of 3rd period - Off-side.
10:07 of 3rd period - Ryan O'Reilly wins face-off versus Oskar Sundqvist in neutral zone.
10:16 of 3rd period - Shot by Steven Stamkos.
10:16 of 3rd period - Stopped by Vitek Vanecek with a rebound.
10:18 of 3rd period - Shot by Steven Stamkos.
10:18 of 3rd period - Shot Misses the Net.
10:28 of 3rd period - Shot by Steven Stamkos.
10:28 of 3rd period - Stopped by Vitek Vanecek without a rebound.
10:29 of 3rd period - Derick Brassard wins face-off versus Cedric Paquette in Red Wings zone.
11:00 of 3rd period - Shot by Cedric Paquette.
11:00 of 3rd period - Shot Misses the Net.
11:06 of 3rd period - Shot by Mathieu Joseph.
11:06 of 3rd period - Shot Misses the Net.
11:08 of 3rd period - Shot by Artturi Lehkonen.
11:08 of 3rd period - Shot Misses the Net.
11:10 of 3rd period - Shot by Marco Scandella.
11:10 of 3rd period - Shot Misses the Net.
11:41 of 3rd period - Nino Niederreiter is hit by Ryan McDonagh and loses puck.
11:52 of 3rd period - Oskar Sundqvist is hit by Chris Kreider and loses puck.
11:53 of 3rd period - Minor Penalty to Chris Kreider for Roughing.
11:54 of 3rd period - Steven Stamkos wins face-off versus Sean Couturier in Blue Jackets zone.
12:02 of 3rd period - Off-side.
12:03 of 3rd period - Sean Couturier wins face-off versus Steven Stamkos in neutral zone.
12:18 of 3rd period - Shot by Jakub Vrana.
12:18 of 3rd period - Shot Misses the Net.
12:20 of 3rd period - Shot by Jakub Vrana.
12:20 of 3rd period - Goal by Jakub Vrana - Red Wings : 5 - Blue Jackets : 5.
12:21 of 3rd period - Oskar Sundqvist wins face-off versus Brian Boyle in neutral zone.
13:29 of 3rd period - Shot by Anthony Mantha.
13:29 of 3rd period - Shot Misses the Net.
13:43 of 3rd period - Shot by Jakob Chychrun.
13:43 of 3rd period - Shot Hit the Post.
13:45 of 3rd period - Shot by Tyler Bertuzzi.
13:45 of 3rd period - Deflect By Sean Couturier.
13:45 of 3rd period - Shot Misses the Net.
13:47 of 3rd period - Shot by Sean Couturier.
13:47 of 3rd period - Deflect By Tyler Bertuzzi.
13:47 of 3rd period - Shot Misses the Net.
13:49 of 3rd period - Shot by Sean Couturier.
13:49 of 3rd period - Shot Blocked by Erik Cernak.
13:51 of 3rd period - Shot by Jakub Vrana.
13:51 of 3rd period - Stopped by Marc-Andre Fleury without a rebound.
13:52 of 3rd period - Chris Kreider wins face-off versus Derick Brassard in Blue Jackets zone.
14:06 of 3rd period - Shot by Steven Stamkos.
14:06 of 3rd period - Shot Blocked by Oliver Ekman-Larsson.
14:08 of 3rd period - Shot by Marco Scandella.
14:08 of 3rd period - Stopped by Vitek Vanecek without a rebound.
14:09 of 3rd period - Cedric Paquette wins face-off versus Dominik Kahun in Red Wings zone.
14:27 of 3rd period - Tyler Ennis is hit by Ryan McDonagh and loses puck.
14:31 of 3rd period - Icing by Ryan McDonagh.
14:32 of 3rd period - Cedric Paquette wins face-off versus Sean Couturier in Blue Jackets zone.
14:32 of 3rd period - Ryan McDonagh is hit by Tyler Bertuzzi and loses puck.
15:20 of 3rd period - Anthony Mantha is hit by Jakub Vrana and loses puck.
16:13 of 3rd period - Off-side.
16:14 of 3rd period - Ryan O'Reilly wins face-off versus Dominik Kahun in neutral zone.
16:32 of 3rd period - Minor Penalty to David Savard for Hooking.
16:33 of 3rd period - Cedric Paquette wins face-off versus Derick Brassard in Blue Jackets zone.
17:02 of 3rd period - Shot by Jakob Chychrun.
17:02 of 3rd period - Shot Misses the Net.
17:04 of 3rd period - Shot by Gustav Nyquist.
17:04 of 3rd period - Shot Misses the Net.
17:06 of 3rd period - Shot by Jakob Chychrun.
17:06 of 3rd period - Shot Misses the Net.
17:08 of 3rd period - Shot by Jakob Chychrun.
17:08 of 3rd period - Shot Blocked by Artturi Lehkonen.
17:10 of 3rd period - Shot by Derick Brassard.
17:10 of 3rd period - Shot Blocked by Matt Dumba.
17:42 of 3rd period - Shot by Jakub Vrana.
17:42 of 3rd period - Shot Misses the Net.
18:18 of 3rd period - Shot by Nino Niederreiter.
18:18 of 3rd period - Stopped by Marc-Andre Fleury without a rebound.
18:19 of 3rd period - Steven Stamkos wins face-off versus Sean Couturier in Blue Jackets zone.
18:19 of 3rd period - Steven Stamkos is hit by Nino Niederreiter.
18:31 of 3rd period - Shot by Sean Walker.
18:31 of 3rd period - Shot Misses the Net.
18:46 of 3rd period - Dominik Kahun is hit by Marco Scandella and loses puck.
18:50 of 3rd period - Dominik Kahun is hit by Marco Scandella.
18:52 of 3rd period - Shot by Tyler Ennis.
18:52 of 3rd period - Shot Blocked by Marco Scandella.
18:54 of 3rd period - Shot by Drake Caggiula.
18:54 of 3rd period - Shot Misses the Net.
19:06 of 3rd period - Shot by Drake Caggiula.
19:06 of 3rd period - Stopped by Marc-Andre Fleury without a rebound.
19:07 of 3rd period - Ryan O'Reilly wins face-off versus Oskar Sundqvist in Blue Jackets zone.
19:15 of 3rd period - Steven Stamkos is hit by Darnell Nurse.
19:29 of 3rd period - Chris Kreider is hit by Jakob Chychrun and loses puck.
19:33 of 3rd period - Ryan O'Reilly is hit by Darnell Nurse.
19:40 of 3rd period - Steven Stamkos is hit by Jakob Chychrun and loses puck.
Goals for this period are 2 for Red Wings vs 2 for Blue Jackets.
Shots for this period are 11 for Red Wings vs 14 for Blue Jackets.

Overtime #1


0:01 of 1st overtime period - Steven Stamkos wins face-off versus Sean Couturier in neutral zone.
0:32 of 1st overtime period - Shot by Steven Stamkos.
0:32 of 1st overtime period - Shot Misses the Net.
0:43 of 1st overtime period - Shot by Sean Couturier.
0:43 of 1st overtime period - Shot Blocked by Ryan McDonagh.
1:07 of 1st overtime period - Shot by Jakub Vrana.
1:07 of 1st overtime period - Stopped by Marc-Andre Fleury without a rebound.
1:08 of 1st overtime period - Anthony Cirelli wins face-off versus Conor Garland in Blue Jackets zone.
1:17 of 1st overtime period - Shot by Chris Kreider.
1:17 of 1st overtime period - Shot Hit the Post.
2:09 of 1st overtime period - Shot by Tyler Bertuzzi.
2:09 of 1st overtime period - Shot Blocked by Ryan O'Reilly.
2:43 of 1st overtime period - Icing by Matt Dumba.
2:44 of 1st overtime period - Conor Garland wins face-off versus Anthony Mantha in Blue Jackets zone.
2:44 of 1st overtime period - Conor Garland is hit by Matt Dumba.
3:07 of 1st overtime period - Shot by Anthony Mantha.
3:07 of 1st overtime period - Stopped by Vitek Vanecek without a rebound.
3:08 of 1st overtime period - Steven Stamkos wins face-off versus Gustav Nyquist in Red Wings zone.
3:11 of 1st overtime period - Shot by Anthony Cirelli.
3:11 of 1st overtime period - Stopped by Vitek Vanecek without a rebound.
3:12 of 1st overtime period - Sean Couturier wins face-off versus Steven Stamkos in Red Wings zone.
3:21 of 1st overtime period - Shot by Sean Couturier.
3:21 of 1st overtime period - Shot Misses the Net.
4:09 of 1st overtime period - Icing by Jakub Vrana.
4:10 of 1st overtime period - Anthony Cirelli wins face-off versus Conor Garland in Red Wings zone.
4:33 of 1st overtime period - Shot by Conor Garland.
4:33 of 1st overtime period - Stopped by Marc-Andre Fleury without a rebound.
4:34 of 1st overtime period - Steven Stamkos wins face-off versus Conor Garland in Blue Jackets zone.
4:41 of 1st overtime period - Shot by Steven Stamkos.
4:41 of 1st overtime period - Stopped by Vitek Vanecek without a rebound.
4:42 of 1st overtime period - Sean Couturier wins face-off versus Steven Stamkos in Red Wings zone.
4:58 of 1st overtime period - Shot by Mathieu Joseph.
4:58 of 1st overtime period - Shot Blocked by Sean Couturier.
Goals for this period are 0 for Red Wings vs 0 for Blue Jackets.
Shots for this period are 2 for Red Wings vs 3 for Blue Jackets.

ShootOut


5:00 of 1st overtime period - Round #1.
5:00 of 1st overtime period - Red Wings, Sean Couturier.
5:00 of 1st overtime period - Stopped by Marc-Andre Fleury.
5:00 of 1st overtime period - Blue Jackets, Ryan O'Reilly.
5:00 of 1st overtime period - Goal by Ryan O'Reilly.
5:00 of 1st overtime period - Round #2.
5:00 of 1st overtime period - Red Wings, Tyler Bertuzzi.
5:00 of 1st overtime period - Stopped by Marc-Andre Fleury.
5:00 of 1st overtime period - Blue Jackets, Anthony Cirelli.
5:00 of 1st overtime period - Stopped by Vitek Vanecek.
5:00 of 1st overtime period - Round #3.
5:00 of 1st overtime period - Red Wings, Conor Garland.
5:00 of 1st overtime period - Shot Misses the Net.